 Dungeon Crawl Stone Soup version 0.28-a0-1080-g05a166d0ed (webtiles) character file.

Game seed: 13408495196825523819

60 sanka the Chopper (level 3, -3/31 HPs)
             Began as a Palentonga Abyssal Knight on Dec 9, 2021.
             Was a Believer of Lugonu.
             Slain by a gnoll (7 damage)
             ... on level 2 of the Dungeon.
             The game lasted 00:02:15 (1126 turns).

sanka the Chopper (Palentonga Abyssal Knight)       Turns: 1126, Time: 00:02:15

Health: -3/31      AC:  5    Str: 18    XL:     3   Next: 82%
Magic:  4/4        EV:  9    Int: 10    God:    Lugonu [**....]
Gold:   66         SH:  0    Dex: 10    Spells: 2/2 levels left

rFire   . . .      SeeInvis +   a - +1 hand axe
rCold   . . .      Faith    .   (no shield)
rNeg    . . .      Spirit   .   b - +0 leather armour
rPois   .          Reflect  .   g - +0 helmet
rElec   .          Harm     .   (no cloak)
rCorr   .          Rampage  .   (no gloves)
Will    .....                   (no barding)
Stlth   +.........              f - amulet of regeneration
HPRegen 0.90/turn               (no ring)
MPRegen 0.09/turn               (no ring)

@: no status effects
A: large, rugged brown scales 3, see invisible, deformed body, roll 1, armoured
tail
a: Rolling Charge, Renounce Religion, Depart the Abyss, Bend Space


You were on level 2 of the Dungeon.
You worshipped Lugonu.
Lugonu was pleased with you.
You visited 1 branch of the dungeon, and saw 2 of its levels.
You visited the Abyss 1 time.

You collected 66 gold pieces.


Innate Abilities, Weirdness & Mutations

You are completely covered in rugged brown scales. (AC +3, +7% HP)
You have supernaturally acute eyesight. (SInv)
Armour fits poorly on your strangely shaped body.
You can roll at nearby foes to attack.
You have a long armoured tail.


   Skills:
 - Level 3.0 Fighting
 + Level 4.2 Axes
 - Level 1.5 Armour
 - Level 0.7 Dodging
 - Level 2.0 Invocations


You had 2 spell levels left.
You didn't know any spells.
Your spell library contained the following spells:

 Spells                   Type           Power      Damage    Failure   Level
 Corpse Rot               Necr/Air       0%         N/A       56%         2
 Passwall                 Tmut/Erth      0%         N/A       56%         2
 Poisonous Vapours        Pois/Air       0%         N/A       56%         2
 Gell's Gravitas          Tloc           0%         N/A       80%         3
 Lesser Beckoning         Tloc           0%         N/A       80%         3
 Swiftness                Air            0%         N/A       80%         3
 Teleport Other           Tloc           0%         N/A       80%         3

Inventory:

Hand Weapons
 a - a +1 hand axe (weapon)
Armour
 b - a +0 leather armour (worn)
 g - a +0 helmet (worn)
Jewellery
 f - an amulet of regeneration (around neck)
Scrolls
 e - a scroll of identify {unknown}
 h - a scroll of silence {unknown}
Potions
 c - a potion of haste {unknown}
 d - a potion of flight {unknown}

Dungeon Overview and Level Annotations

Branches:
Dungeon (2/15)

Altars:

.........▒.......▒▒.....▒▒ ▒.▒▒..
...........▒▒...<.....▒.▒ ▒.▒▒▒.
...........▒▒▒....▒.▒.▒.▒ ▒...<.
.......♣.P....▒▒▒.▒.....▒ ▒▒▒▒.▒
...▒▒▒.P♣♣♣.▒.....▒▒▒[▒▒▒ ▒†..)g
.▒.▒ ▒.P♣........)▒.▒.▒ ▒.▒▒.▒
▒▒.▒▒▒.....▒.▒.▒.▒▒.▒▒▒▒▒▒▒▒.▒♣♣♣
.............÷......)........♣
▒..........▒....H▒▒▒▒.▒▒▒▒▒▒▒♣
▒.▒▒▒▒▒▒▒▒▒▒▒▒.▒g▒....▒ ▒▒♣
▒.▒▒▒▒▒▒▒▒▒....▒.▒.▒▒▒▒▒▒▒ ▒.. ♣.
..)......................▒ ▒.♣♣♣♣
▒.▒▒▒▒▒▒▒▒▒.▒....▒....▒▒.▒▒▒.▒▒..
▒.▒ ▒...▒.▒.▒▒▒▒▒▒.g▒....▒.....
▒.▒ ▒.▒...▒.▒▒▒ ▒.......▒.▒▒..
▒.▒▒▒▒▒PPP.PPPPPPP▒▒▒.▒▒▒..▒.▒▒.g
▒......P.........P▒ ▒.▒........†.


You could see a gnoll.


Message History

The gnoll shouts!
You see here a scroll labelled KEPNAM FOFRIT.
You see here a dart slug corpse.
You roll forward with a clatter of scales!
You closely miss the gnoll.
Your tail-slap misses the gnoll.
The gnoll barely misses you.
You barely miss the gnoll.
Your tail-slap misses the gnoll.
The gnoll closely misses you.
You barely miss the gnoll. The gnoll hits you with a +0 halberd!
You closely miss the gnoll. You tail-slap the gnoll.
The gnoll is moderately wounded.
The gnoll completely misses you.
You hit the gnoll but do no damage.
The gnoll is moderately wounded.
The gnoll hits you with a +0 halberd!
* * * LOW HITPOINT WARNING * * *
You barely miss the gnoll.
The gnoll is moderately wounded.
The gnoll closely misses you.
You barely miss the gnoll.
Your tail-slap misses the gnoll.
The gnoll is moderately wounded.
The gnoll hits you with a +0 halberd.
* * * LOW HITPOINT WARNING * * *
The gnoll hits you with a +0 halberd!
You die...

Action                   || total
-------------------------++-------
Melee: Hand axe          ||    86
       Tailslap          ||     9
 Abil: Rolling Charge    ||     8
Armor: Leather armour    ||    18
Dodge: Dodged            ||    35

Levels and vault maps discovered:
D:1:      lemuel_arrival_room, layout_basic, minmay_misc_feat_x,
          minmay_misc_feat_chi, minmay_tall_x
D:2:      layout_basic, serial_forest, infiniplex_forest_corner_1,
          infiniplex_forest_lined_3_way, infiniplex_forest_clump_small,
          infiniplex_forest_clump_cross, infiniplex_forest_zigzag_2,
          infiniplex_forest_corner_2, infiniplex_forest_lined_3_way,
          minmay_hedge_maze

Notes
Turn   | Place    | Note
-------+----------+-------------------------------------------
     0 | Abyss:1  | sanka the Palentonga Abyssal Knight began the quest for the
                  | Orb.
     0 | Abyss:1  | Reached XP level 1. HP: 19/19 MP: 2/2
    63 | D:1      | Escaped the Abyss
   288 | D:1      | Reached XP level 2. HP: 21/25 MP: 3/3
   374 | D:1      | Reached skill level 3 in Axes
   469 | D:1      | Reached ** piety under Lugonu
   709 | D:2      | Reached XP level 3. HP: 31/31 MP: 4/4
   991 | D:2      | Reached skill level 4 in Axes
  1126 | D:2      | Slain by a gnoll

Vanquished Creatures
  2 gnolls (D:2)
  A worm (D:2)
  A dart slug (D:2)
  4 bats
  2 endoplasms (D:1)
  A giant cockroach (D:1)
  3 hobgoblins
  5 kobolds
  A quokka (D:1)
  2 ball pythons
  3 frilled lizards
  6 goblins
  5 rats (D:1)
36 creatures vanquished.

Vanquished Creatures (others)
  5 plants (D:2)
5 creatures vanquished.

Grand Total: 41 creatures vanquished
